 Dungeon Crawl Stone Soup version 0.22.0-27-ga576289 (webtiles) character file.

6 Monsterracer the Skirmisher (level 1, 0/14 HPs)
             Began as a Gargoyle Abyssal Knight on Aug 21, 2018.
             Was an Initiate of Lugonu.
             Slain by a gnoll
             ... wielding a +0 flail
              (5 damage)
             ... on level 1 of the Dungeon.
             The game lasted 00:00:20 (267 turns).

Monsterracer the Skirmisher (GrAK)                   Turns: 267, Time: 00:00:20

Health: 0/14       AC:  5    Str: 15    XL:     1   Next: 90%
Magic:  2/2        EV: 11    Int: 12    God:    Lugonu [......]
Gold:   0          SH:  0    Dex:  9    Spells: 0/0 levels left

rFire    . . .     SeeInvis .   a - +1 hand axe
rCold    . . .     Gourm    .   (no shield)
rNeg     + . .     Faith    .   b - +0 leather armour
rPois    ∞         Spirit   .   (no helmet)
rElec    +         Reflect  .   (no cloak)
rCorr    .         Harm     .   (no gloves)
MR       .....                  (no boots)
Stlth    +.........             (no amulet)
HPRegen  0.04/turn              (no ring)
MPRegen  0.08/turn              (no ring)

@: no status effects
A: negative energy resistance 1, electricity resistance, unbreathing,
petrification resistance, rot immunity, AC +2
a: Renounce Religion


You were on level 1 of the Dungeon.
You worshipped Lugonu.
Lugonu was noncommittal.
You were not hungry.

You visited 1 branch of the dungeon, and saw 1 of its levels.
You visited the Abyss 1 time.

Inventory:

Hand Weapons
 a - a +1 hand axe (weapon)
Armour
 b - a +0 leather armour (worn)
Scrolls
 d - a scroll of identify {unknown}
Comestibles
 c - 2 rations


   Skills:
 - Level 3.2 Fighting
 + Level 2.3 Axes
 - Level 2.1 Armour
 - Level 0.7 Dodging
 - Level 2.0 Invocations


You couldn't memorise any spells.
You didn't know any spells.
Your spell library was empty.

Dungeon Overview and Level Annotations

Branches:
Dungeon (1/15)

Altars:


Innate Abilities, Weirdness & Mutations

You are resistant to torment.
Your stone body is resilient. (AC +2)
You are immune to poison.
You resist negative energy. (rN+)
You are resistant to electric shocks. (rElec)
You can survive without breathing.
You are immune to petrification.
You are immune to rotting.


Message History

The frilled lizard unfolds its giant frill.
The frilled lizard bites you but does no damage.
A frilled lizard is nearby!
You miss the frilled lizard. The frilled lizard bites you.
The frilled lizard bites you but does no damage.
You take 1 damage, and have 13/14 hp.
A frilled lizard is nearby!
You hit the frilled lizard.
You kill the frilled lizard!
Lugonu accepts your kill.
A kobold comes into view.
The kobold shouts!
The kobold throws a stone.
The stone barely misses you.
Found a stone staircase leading down.
You see here a stone.
The kobold throws a stone.
The stone hits you but does no damage.
You see here a stone.
A kobold is nearby!
The kobold throws a stone.
The stone barely misses you.
You see here a stone.
A frilled lizard comes into view.
The frilled lizard hisses angrily.
The kobold throws a stone.
The stone hits you but does no damage.
You see here a stone.
There are monsters nearby!
The kobold barely misses you.
Health restored: 14 You closely miss the kobold.
The kobold closely misses you.
You barely miss the kobold. The kobold closely misses you.
You hit the kobold.
You kill the kobold!
Lugonu accepts your kill. The frilled lizard barely misses you.
You hit the frilled lizard.
You kill the frilled lizard!
Lugonu accepts your kill.
Things that are here:
a stone; a kobold corpse No target in view!
No target in view!
Key pressed, stopping explore.
No target in view!
Key pressed, stopping explore.
No target in view!
No target in view!
c - 2 rations (gained 1)
A frilled lizard comes into view.
Found a stone staircase leading down.
A frilled lizard is nearby!
A frilled lizard is nearby!
The frilled lizard bites you but does no damage.
A frilled lizard is nearby!
You barely miss the frilled lizard. The frilled lizard barely misses you.
A frilled lizard is nearby!
You slash the frilled lizard!
You kill the frilled lizard!
Lugonu accepts your kill.
No target in view!
Found a stone staircase leading down.
No target in view!
There is a stone staircase leading down here.
Found 2 javelins.
No target in view!
No target in view!
Found 17 sling bullets.
d - a scroll labeled HEASUOPAUNN No target in view!
Key pressed, stopping explore.
No target in view!
The gnoll is too close now for your liking.
A gnoll is nearby!
You barely miss the gnoll. The gnoll hits you but does no damage.
A gnoll is nearby!
You slash the gnoll!
The gnoll is heavily wounded.
The gnoll barely misses you.
You barely miss the gnoll.
The gnoll is heavily wounded.
The gnoll barely misses you.
You hit the gnoll.
The gnoll is heavily wounded.
The gnoll hits you with a flail!
Ouch! That really hurt!
* * * LOW HITPOINT WARNING * * *
You take 8 damage, and have 6/14 hp.
MASSIVE DAMAGE!!
You barely miss the gnoll.
The gnoll is heavily wounded.
The gnoll barely misses you.
You closely miss the gnoll.
The gnoll is heavily wounded.
The gnoll hits you with a flail.
* * * LOW HITPOINT WARNING * * *
You take 1 damage, and have 5/14 hp.
You hit the gnoll.
The gnoll is almost dead.
The gnoll barely misses you.
You barely miss the gnoll.
The gnoll is almost dead.
The gnoll hits you with a flail.
You die...

##### #####
#...#######.... #
#....≈≈≈≈≈#.... ..
#.....≈≈≈≈≈..# .#
#......≈≈≈≈..# ###..
##.......≈≈≈..# ...
#....<...≈≈≈..###g#
#.#...(..≈≈≈....@.#
#.#......≈≈≈..#####
†.#.....≈≈≈≈..#####.##
####≈≈.≈≈≈≈#..........
#≈≈≈≈≈≈≈#.######.##
#########.#
#.#######.######.
#................
#.###############


You could see a gnoll.

Vanquished Creatures
  2 bats (D:1)
  A kobold (D:1)
  3 frilled lizards (D:1)
6 creatures vanquished.

Notes
Turn   | Place    | Note
-------+----------+-------------------------------------------
     0 | Abyss:1  | Monsterracer the Gargoyle Abyssal Knight began the quest for the Orb.
     0 | Abyss:1  | Reached XP level 1. HP: 14/14 MP: 2/2
    45 | Abyss:1  | Noticed a smoke demon
    46 | D:1      | Escaped the Abyss
   263 | D:1      | HP: 6/14 [gnoll/flail (8)]
   267 | D:1      | Slain by a gnoll

Skill      XL: |  1 |
---------------+----+-----
Axes           | 2 |  2.3
Fighting       | |  3.2
Armour         | |  2.1
Dodging        | |  0.7
Invocations    | |  2.0

Action                   || total
-------------------------++-------
Melee: Hand axe          ||    31
Invok: Depart the Abyss  ||     1
Armor: Leather armour    ||    16
Dodge: Dodged            ||    26

Vault maps used:
D:1:      dpeg_arrival_pond
